 Dungeon Crawl Stone Soup version 0.18.1-47-g9310371 (webtiles) character file.

2964 vonhedlund the Fighter (level 9, 0/89 HPs)
             Began as a Hill Orc Gladiator on June 22, 2016.
             Was a Priest of Okawaru.
             Slain by a thrashing horror (17 damage)
             ... on level 2 of the Abyss on June 23, 2016.
             The game lasted 00:40:51 (8863 turns).

vonhedlund the Fighter (Hill Orc Gladiator)         Turns: 8863, Time: 00:40:52

Health: 0/89       AC: 13    Str: 20    XL:     9   Next: 82%
Magic:  9/9        EV: 12    Int: 10    God:    Okawaru [***...]
Gold:   334        SH:  0    Dex: 12    Spells: 0 memorised, 8 levels left

rFire  . . .     SeeInvis .     a - +0 war axe
rCold  . . .     Gourm    .     u - +3 leather armour "Daakhusk" {Int+2}
rNeg   . . .     Faith    .     (no shield)
rPois  .         Spirit   .     q - +2 helmet
rElec  .         Dismiss  .     x - +1 cloak
rCorr  .         Reflect  .     J - +0 pair of gloves (curse)
SustAt .         Harm     .     (no boots)
MR     .....                    (no amulet)
Stlth  +.........               (no ring)
                                (no ring)

@: not resistant to hostile enchantments, very unstealthy
A: no striking features
a: Heroism, Renounce Religion


You were on level 2 of the Abyss.
You worshipped Okawaru.
Okawaru was most pleased with you.
You were not hungry.

You visited 1 branch of the dungeon, and saw 8 of its levels.
You visited the Abyss 1 time.

You collected 334 gold pieces.

Inventory:

Hand Weapons
 a - a +0 war axe (weapon)
 b - a +0 shortbow of flaming
Missiles
 d - 3 throwing nets (quivered)
 e - 93 arrows
 O - 2 needles of sleeping
Armour
 q - a +2 helmet (worn)
 u - the +3 leather armour "Daakhusk" (worn) {Int+2}
   (You found it on level 5 of the Dungeon)

   It affects your intelligence (+2).
 x - a +1 cloak (worn)
 F - the +1 ring mail of Vexation {Dex+3}
   (You found it on level 4 of the Dungeon)

   It affects your dexterity (+3).
 J - a cursed +0 pair of gloves (worn)
Jewellery
 g - an uncursed amulet of rage
 o - an uncursed ring of protection from cold
 s - an uncursed amulet of harm
 G - an uncursed ring of magical power {unknown}
 L - a cursed ring of teleportation {unknown}
Wands
 p - a wand of slowing (47/48)
 A - a wand of slowing (20/48)
 H - a wand of teleportation (5/9)
 K - a wand of disintegration (11/24)
Scrolls
 c - 2 scrolls of magic mapping {unknown}
 i - 2 scrolls of teleportation
 j - a scroll of identify
 r - 2 scrolls of recharging
 v - a scroll of blinking {unknown}
 y - 3 scrolls of remove curse
 B - a scroll of fear {unknown}
 C - 2 scrolls of enchant armour
 D - a scroll of immolation {unknown}
 E - a scroll of random uselessness {unknown}
 N - 2 scrolls of amnesia {unknown}
Potions
 k - a potion of heal wounds {unknown}
 l - a potion of curing
 m - a potion of magic {unknown}
 n - a potion of cancellation {unknown}
 t - a potion of agility {unknown}
 w - a potion of resistance {unknown}
 z - a potion of mutation {unknown}
 I - a potion of invisibility {unknown}
 M - a potion of flight {unknown}
Comestibles
 f - a bread ration
 h - 3 meat rations


   Skills:
 + Level 11.3 Fighting
 - Level 10.3 Axes
 - Level 1.8 Throwing
 - Level 6.0 Armour
 - Level 2.6 Dodging


You had 8 spell levels left.
You didn't know any spells.

Dungeon Overview and Level Annotations

Branches:
Dungeon (8/15)
 Temple: D:4-7         Lair: D:8-11

Altars:
Ashenzari
Fedhas
Gozag
Nemelex Xobeh
Okawaru
Qazlal
Ru
Vehumet
Yredelemnul

Annotations:
D:3 raikaria's ghost, amateur OpCj
D:5 Pikel; dvd's ghost, amateur DgFE
D:7 simples's ghost, novice HECj
D:8 Erolcha


Message History

You hold your ground!
The thrashing horror tramples you!
* * * LOW HITPOINT WARNING * * *
You stumble backwards!
You slice the thrashing horror!!
The thrashing horror is almost destroyed.
The thrashing horror tramples you.
* * * LOW HITPOINT WARNING * * *
You stumble backwards!
A smoke demon comes into view.
The thrashing horror roars!
The thrashing horror tramples you but does no damage.
The thrashing horror tramples you.
* * * LOW HITPOINT WARNING * * *
You hold your ground!
The smoke demon moves out of view.
You slash the small abomination!
The small abomination is moderately damaged.
The thrashing horror churns violently!
The thrashing horror seems to grow stronger.
The thrashing horror tramples you!
You die...

#.##≈
≈♣#.#.....#
#.# #
≈≈≈≈≈#.##.#
..[ ..
#....#.#..
. # #
##....#.
#.#.. ##
#.#.. # ..
#. . #.####
#. ..#. .
#.#.# ###
.# . . . #
#x#.#....
.## #
#.#@...# #
# #..X.#..#
. # ## .
#..##.#
#..# #
#...# 3#
.### # #§..
.. # # #.#
##. . #..
#. . .. ##
# .


You could see a thrashing horror, a smoke demon and a small abomination.

Vanquished Creatures
  A hungry ghost (D:8)
  A hippogriff (D:7)
  Menkaure (D:7)
  2 phantoms
  3 ice beasts
  An ogre (D:4)
  2 centaurs (D:6)
  Blork the orc (D:4)
  3 giant frogs
  9 killer bees
  6 howler monkeys
  3 crimson imps
  2 quasits
  5 orc priests
  A hound (D:4)
  8 orc wizards
  A giant frog skeleton (D:6)
  An iguana (D:7)
  Terence (D:3)
  5 worker ants
  Robin (D:2)
  6 adders
  3 river rats (D:4)
  2 shadow imps
  2 oozes
  3 adder skeletons (D:4)
  5 worms
  A dart slug (D:4)
  4 giant geckos
  16 orcs
  A ball python (D:3)
  6 bats
  8 giant cockroaches
  12 goblins
  8 hobgoblins
  11 jackals
  7 kobolds
  7 quokkas
  A ball python skeleton (D:4)
  A giant gecko skeleton (D:8)
  4 giant newts
  A jackal zombie (D:6)
  7 rats
174 creatures vanquished.

Vanquished Creatures (others)
  A plant (D:4)
1 creature vanquished.

Grand Total: 175 creatures vanquished

Notes
Turn   | Place    | Note
--------------------------------------------------------------
     0 | D:1      | vonhedlund the Hill Orc Gladiator began the quest for the Orb.
     0 | D:1      | Reached XP level 1. HP: 18/18 MP: 1/1
   359 | D:1      | Reached XP level 2. HP: 25/25 MP: 2/2
   627 | D:1      | Reached skill level 3 in Fighting
  1081 | D:2      | Found a radiant altar of Vehumet.
  1118 | D:2      | Reached XP level 3. HP: 25/31 MP: 3/3
  1125 | D:2      | Noticed Robin
  1328 | D:2      | Killed Robin
  1328 | D:2      | Reached skill level 4 in Fighting
  1405 | D:2      | Found a basalt altar of Yredelemnul.
  1408 | D:2      | Found a blossoming altar of Fedhas.
  1571 | D:2      | Reached XP level 4. HP: 16/41 MP: 4/4
  2223 | D:3      | Reached skill level 5 in Fighting
  2266 | D:3      | Noticed Terence
  2277 | D:3      | Killed Terence
  2302 | D:3      | Reached XP level 5. HP: 21/50 MP: 5/5
  2438 | D:3      | Noticed raikaria's ghost (amateur OpCj)
  2550 | D:3      | Found an iron altar of Okawaru.
  2553 | D:3      | Became a worshipper of Warmaster Okawaru
  2713 | D:4      | Reached skill level 6 in Fighting
  2738 | D:4      | Got a twisted ring mail
  2963 | D:4      | Noticed Blork the orc
  3199 | D:3      | Identified the cursed +1 ring mail of Vexation {Dex+3} (You found it on level 4 of the Dungeon)
  3594 | D:4      | Reached skill level 7 in Fighting
  3594 | D:4      | Reached XP level 6. HP: 51/60 MP: 6/6
  3767 | D:4      | Killed Blork the orc
  3767 | D:4      | Reached skill level 8 in Fighting
  3780 | D:5      | Entered Level 5 of the Dungeon
  3801 | D:5      | Got a smoking leather armour
  3827 | D:5      | Noticed an ice beast
  3975 | D:4      | Reached skill level 1 in Armour
  4142 | D:4      | Identified the +3 leather armour "Daakhusk" {Int+2} (You found it on level 5 of the Dungeon)
  4211 | D:5      | Found a stormy altar of Qazlal.
  4216 | D:5      | Noticed dvd's ghost (amateur DgFE)
  4244 | D:6      | Reached XP level 7. HP: 66/68 MP: 7/7
  4327 | D:6      | Reached * piety under Okawaru
  4493 | D:6      | Reached skill level 5 in Armour
  4708 | D:6      | Reached XP level 8. HP: 56/74 MP: 8/8
  5147 | D:6      | Found a sparkling altar of Nemelex Xobeh.
  5305 | D:6      | Reached skill level 5 in Axes
  5651 | D:5      | Reached ** piety under Okawaru
  6373 | D:5      | Noticed Pikel
  6534 | D:7      | Found an opulent altar of Gozag.
  6564 | D:7      | Found a sacrificial altar of Ru.
  6677 | D:7      | HP: 2/74 [killer bee (9)]
  6683 | D:7      | Reached XP level 9. HP: 12/81 MP: 9/9
  7226 | D:7      | Noticed Menkaure
  7302 | D:6      | Reached skill level 10 in Axes
  7584 | D:7      | Reached skill level 9 in Fighting
  7899 | D:8      | Reached *** piety under Okawaru
  7902 | D:8      | Reached skill level 10 in Fighting
  7940 | D:7      | Noticed simples's ghost (novice HECj)
  8023 | D:7      | Killed Menkaure
  8461 | D:8      | Found a shattered altar of Ashenzari.
  8646 | D:8      | Reached skill level 11 in Fighting
  8775 | D:8      | Noticed Erolcha
  8780 | D:8      | Cast into level 2 of the Abyss (Erolcha)
  8836 | Abyss:2  | Noticed a thrashing horror
  8862 | Abyss:2  | Noticed a smoke demon
  8863 | Abyss:2  | Slain by a thrashing horror

Skill      XL: |  1  2  3  4  5  6  7  8  9 |
---------------+----------------------------+-----
Fighting       | 3 4 5 7 8 11 | 11.3
Armour         | 2 6 |  6.0
Axes           | 9 10 | 10.3
Throwing       | |  1.8
Dodging        | |  2.6

Action                   |  1- 3 |  4- 6 |  7- 9 || total
-------------------------+-------+-------+-------++-------
Melee: War axe           |   107 |   222 |   423 ||   752
 Fire: Shortbow          |       |       |    21 ||    21
Evoke: Wand              |       |       |     2 ||     2
  Use: Potion            |     1 |       |     1 ||     2
       Scroll            |       |     2 |     5 ||     7
  Eat: Chunk             |     2 |     9 |     6 ||    17
       Pizza             |       |       |     1 ||     1
       Beef jerky        |       |       |     1 ||     1
       Bread ration      |       |       |     2 ||     2
       Meat ration       |       |       |     1 ||     1
Armor: Leather armour    |    35 |    70 |   322 ||   427
       Ring mail         |       |    17 |       ||    17
Dodge: Dodged            |    63 |   193 |   383 ||   639
